 Dungeon Crawl Stone Soup version 0.28.0-45-g0d030f2227 (webtiles) character file.

Game seed: 5146708249987531307

3013 MisterFreud the Changer (level 9, 0/85 HPs)
             Began as a Purple Draconian Transmuter on May 22, 2022.
             Was an Initiate of Gozag.
             Slain by an unseen horror (3 damage)
             ... on level 9 of the Dungeon.
             The game lasted 00:10:28 (10252 turns).

MisterFreud the Changer (DrTm)                     Turns: 10252, Time: 00:10:29

Health: 0/85       AC:  8    Str: 12    XL:     9   Next: 55%
Magic:  13/13      EV: 12    Int: 22    God:    Gozag
Gold:   1444       SH:  0    Dex: 14    Spells: 4/14 levels left

rFire   x . .      SeeInvis .     - Unarmed
rCold   + + +      Faith    .   (shield currently unavailable)
rNeg    . . .      Spirit   .   (armour unavailable)
rPois   +          Reflect  .   (helmet currently unavailable)
rElec   .          Harm     .   (cloak currently unavailable)
rCorr   .          Rampage  .   (gloves currently unavailable)
Will    +....                   (boots currently unavailable)
Stlth   +.........              (no amulet)
HPRegen 0.24/turn               h - ring of poison resistance
MPRegen 0.13/turn               r - +6 ring of intelligence

@: ice-form
A: freezing attack, amphibious, boosted hp, (breathe power), AC +7, large,
unfitting armour, (cold-blooded)
a: End Transformation, Renounce Religion, Potion Petition, Call Merchant, Bribe
Branch


You were on level 9 of the Dungeon.
You worshipped Gozag.
Gozag was most pleased with you.
You were a creature of crystalline ice.
You visited 2 branches of the dungeon, and saw 10 of its levels.

You collected 1444 gold pieces.

Inventory:

Hand Weapons
 t - the +3 rapier "Hydraslayer" {venom, *Corrode rElec rF+ Will++}
   (You found it on level 6 of the Dungeon)

   It poisons the flesh of those it strikes.
   rF:        It protects you from fire.
   rElec:     It insulates you from electricity.
   *Corrode:  It may corrode you when you take damage.
   Will:      It greatly increases your willpower.
Missiles
 a - 15 poisoned darts
 b - 7 curare-tipped darts
 v - 3 boomerangs
 E - 6 silver javelins
Armour
 k - a +0 pair of gloves (melded)
Jewellery
 h - a ring of poison resistance (left front paw)
 r - a +6 ring of intelligence (right front paw)
 s - a ring of wizardry
 y - a ring of willpower
 D - a ring of magical power
Wands
 p - a wand of mindburst (9)
 q - a wand of polymorph (5)
 u - a wand of flame (54)
 A - a wand of acid (9)
 F - a wand of digging (1)
Scrolls
 c - 2 scrolls of teleportation
 e - a scroll of enchant weapon
 f - 2 scrolls of enchant armour
 m - a scroll of magic mapping
Potions
 d - 2 potions of brilliance
 g - a potion of curing
 i - 4 potions of attraction
 j - a potion of lignification
 l - a potion of magic {unknown}
 n - a potion of degeneration {unknown}
 o - a potion of berserk rage
 w - a potion of resistance {unknown}
 z - a potion of mutation {unknown}
 B - a potion of might {unknown}
 C - a potion of heal wounds {unknown}


   Skills:
 - Level 4.0 Fighting
 - Level 6.0 Dodging
 - Level 6.0 Unarmed Combat
 - Level 3.0 Spellcasting
 + Level 7.7 Transmutations
 - Level 4.0 Ice Magic
 - Level 5.0 Evocations


You had 4 spell levels left.
You knew the following spells:

 Your Spells              Type           Power      Damage    Failure   Level
a - Beastly Appendage     Tmut           74%        N/A       1%          1
b - Wereblood             Tmut           37%        N/A       1%          2
c - Spider Form           Tmut/Pois      20%        N/A       8%          3
d - Ice Form              Ice/Tmut       29%        N/A       11%         4

Your spell library contained the following spells:

 Spells                   Type           Power      Damage    Failure   Level
 Passwall                 Tmut/Erth      16%        N/A       3%          2
 Ensorcelled Hibernation  Hex/Ice        24%        N/A       9%          2
 Shock                    Conj/Air       12%        1d3       12%         1
 Swiftness                Air            3%         N/A       36%         3
 Airstrike                Air            1%         N/A       77%         4


Dungeon Overview and Level Annotations

Branches:
Dungeon (9/15)             Temple (1/1) D:5
   Lair: D:8-11         Orc: D:9-12

Altars:
Ashenzari
Cheibriados
Dithmenos
Elyvilon
Fedhas
Gozag
Hepliaklqana
Kikubaaqudgha
Makhleb
Nemelex Xobeh
Okawaru
Qazlal
Sif Muna
Trog
Vehumet
Wu Jian
Xom
Yredelemnul
Zin
The Shining One
Lugonu

Shops:
D:4 =


Innate Abilities, Weirdness & Mutations

You are a creature of crystalline ice.
You have a powerful freezing melee attack.
You are amphibious.
Your maximum health is increased.
Your armour is entirely melded.
You are incapable of wielding weapons or throwing items.
((You can breathe bolts of dispelling energy.))
((Your rich purple scales are hard. (AC +7)))
You cannot fit into any form of body armour.
((You are cold-blooded and may be slowed by cold attacks.))


Message History

Something hits you. Something hits you. Something hits you but does no damage.
Something hits you but does no damage. Something hits you but does no damage.
Something hits you but does no damage. Something hits you.
You hit something but do no damage. Something completely misses you.
You barely miss something. Something hits you.
Something hits you but does no damage. Something hits you.
Something hits you but does no damage. Something hits you.
Something hits you but does no damage.
You hit something. You freeze something. Something hits you but does no damage.
Something hits you. Something hits you.
Something hits you but does no damage. x2
Something hits you. Something hits you but does no damage.
You pummel something!! You freeze something.
Something hits you but does no damage. Something hits you.
Something barely misses you. Something hits you. Something hits you!
Something hits you!
* * * LOW HITPOINT WARNING * * *
You punch something! You freeze something. Something hits you.
* * * LOW HITPOINT WARNING * * *
Something hits you but does no damage. Something hits you.
* * * LOW HITPOINT WARNING * * *
Something hits you!
* * * LOW HITPOINT WARNING * * *
Something hits you!
* * * LOW HITPOINT WARNING * * *
Something hits you but does no damage.
There is a stone staircase leading up here.
Something hits you.
You die...
Your body crumbles into a pile of gold.

######.###..##.....##..>..##
####.####.###..##.....##....>#
...........#..........#......#
...........#..........#.......#
.......<...#..........#.......#
#########..######..##.###..####
##'##.###..##.###..#
#..............#....
#......Y.......#....
#..............#.....
.................#
.........##..###..#
#####.....#### ##'# #####.# ...
.+ ...


There were no monsters in sight!

Vanquished Creatures
  A troll (D:9)
  The ghost of protoss039 the Digger, an amateur GrEE (D:4)
  A wyvern (D:9)
  A yak (D:8)
  A water moccasin (D:8)
  3 ice beasts
  3 orc warriors
  A sky beast (D:7)
  4 ogres
  A kobold brigand (D:8)
  A phantom (D:4)
  2 bullfrogs
  A water moccasin zombie (D:6)
  A scorpion (D:5)
  3 vampire bats (D:5)
  A bullfrog zombie (D:7)
  6 orc priests
  4 hounds
  2 jellies
  Natasha (D:2)
  3 iguanas
  2 orc wizards
  A howler monkey skeleton (D:7)
  10 adders
  A white imp (D:7)
  An adder zombie (D:3)
  A worm (D:2)
  2 dart slugs
  15 orcs
  5 bats
  A bat skeleton (D:5)
  4 bat zombies (D:5)
  4 endoplasms
  6 giant cockroaches
  3 goblins
  4 hobgoblins
  4 jackals (D:4)
  3 quokkas
  3 ball pythons (D:1)
  3 frilled lizards (D:1)
  5 kobolds
  5 rats
125 creatures vanquished.

Notes
Turn   | Place    | Note
-------+----------+-------------------------------------------
     0 | D:1      | MisterFreud the Draconian Transmuter began the quest for
                  | the Orb.
     0 | D:1      | Reached XP level 1. HP: 16/16 MP: 3/3
    54 | D:1      | Found a faded altar of an unknown god.
    75 | D:1      | Prayed at the altar of an unknown god.
    75 | D:1      | Became a worshipper of Gozag Ym Sagoz the Greedy
   292 | D:1      | Reached XP level 2. HP: 19/23 MP: 5/5
   529 | D:1      | Reached skill level 3 in Transmutations
  1259 | D:2      | Reached XP level 3. HP: 24/28 MP: 6/6
  1354 | D:2      | Learned a level 2 spell: Wereblood
  1358 | D:2      | Learned a level 3 spell: Spider Form
  1413 | D:2      | Reached skill level 4 in Transmutations
  1441 | D:2      | Reached XP level 4. HP: 8/35 MP: 0/7
  1788 | D:3      | Found a stormy altar of Qazlal.
  1948 | D:2      | Noticed Natasha
  1958 | D:2      | Killed Natasha
  2139 | D:2      | Reached skill level 5 in Transmutations
  2998 | D:3      | Reached XP level 5. HP: 36/41 MP: 8/8
  3384 | D:4      | Noticed a phantom
  3612 | D:5      | Entered Level 5 of the Dungeon
  3661 | D:5      | Found a basalt altar of Yredelemnul.
  3668 | D:5      | Noticed an ogre
  3673 | D:5      | Killed an ogre
  3721 | D:5      | Reached XP level 6. HP: 51/51 MP: 2/9
  3868 | D:5      | Noticed an ice beast
  3880 | D:5      | Killed an ice beast
  3979 | D:5      | Noticed an ice beast
  3987 | D:5      | Killed an ice beast
  3988 | D:5      | Reached skill level 5 in Unarmed Combat
  4247 | D:5      | Your scales start taking on a rich purple colour.
  4247 | D:5      | Reached XP level 7. HP: 47/59 MP: 6/10
  4505 | D:5      | Found a staircase to the Ecumenical Temple.
  4530 | Temple   | Entered the Ecumenical Temple
  4724 | D:4      | Learned a level 4 spell: Ice Form
  4727 | D:4      | Found Qiewy's Jewellery Emporium.
  4961 | D:4      | Found a runed translucent door.
  4964 | D:4      | Noticed protoss039's ghost (amateur GrEE)
  5266 | D:4      | Killed protoss039's ghost
  5267 | D:4      | Reached XP level 8. HP: 66/66 MP: 8/12
  5490 | D:5      | Found an ancient bone altar of Kikubaaqudgha.
  5516 | D:5      | Reached skill level 1 in Evocations
  5519 | D:5      | Reached skill level 5 in Dodging
  6119 | D:6      | Found a broken altar of Ashenzari.
  6306 | D:6      | Reached skill level 1 in Ice Magic
  6380 | D:6      | Identified the +3 rapier "Hydraslayer" {venom, *Corrode
                  | rElec rF+ Will++}
  7025 | D:6      | Found a bloodstained altar of Trog.
  7796 | D:7      | Reached XP level 9. HP: 12/71 MP: 11/13
  7796 | D:7      | HP: 2/71 [orc priest/divine providence (11)]
  8141 | D:7      | Reached skill level 6 in Transmutations
  8938 | D:8      | Found a snail-covered altar of Cheibriados.
  9399 | D:8      | Found an ornate altar of the Wu Jian Council.
  9399 | D:8      | Found a burning altar of Makhleb.
  9511 | D:8      | Reached skill level 5 in Evocations
  9773 | D:8      | Found a glowing silver altar of Zin.
  9814 | D:8      | Found an opulent altar of Gozag.
  9981 | D:9      | Reached skill level 7 in Transmutations
 10037 | D:9      | Noticed a troll
 10046 | D:9      | Killed a troll
 10167 | D:9      | Found a glowing golden altar of the Shining One.
 10250 | D:9      | HP: 3/85 [something (9)]
 10252 | D:9      | Slain by an unseen horror

Illustrated notes

Levels and vault maps discovered:
D:1:      minmay_arrival_stone_box, layout_loops_corners,
          shapermc_ecumenical_altar_acropolis
D:2:      layout_loops_ring, uniq_natasha
D:3:      layout_basic, grunt_qazlal_sundering, chequers_jeans,
          grunt_decor_junction
D:4:      layout_basic, ebering_ghost_sewer_d, serial_shops, shop
D:5:      layout_loops_corners, kennysheep_vampire_church,
          mainiacjoe_overflow_small_starburst,
          minmay_temple_entry_drinking_statues, minivault_19
D:6:      layout_basic, kennysheep_little_box, nicolae_ashenzari_skybound,
          serial_bayou_crossing
D:7:      layout_layer_cave
D:8:      layout_cave_pods, pdpol_temple_overflow_zin_treasury_gozag_greed,
          cheibriados_altar_1, gammafunk_temple_overflow_elements,
          kennysheep_generic_room_8
D:9:      layout_gridville, nicolae_ru_awakened_eye,
          mainiacjoe_overflow_surrounded_room, tso_metal_star, orc_0_dummy
Temple:   corrupted_temple

Skill      XL: |  1  2  3  4  5  6  7  8  9 |
---------------+----------------------------+-----
Transmutations | 3 4 5 7 |  7.7
Fighting       | 3 4 |  4.0
Unarmed Combat | 4 5 6 |  6.0
Spellcasting   | 3 |  3.0
Dodging        | 4 5 6 |  6.0
Evocations     | 4 5 |  5.0
Ice Magic      | 2 4 |  4.0

Action                   |  1- 3 |  4- 6 |  7- 9 || total
-------------------------+-------+-------+-------++-------
Melee: Unarmed           |   100 |   143 |   274 ||   517
       Tailslap          |     6 |    12 |     5 ||    23
       Punch             |     4 |     2 |     2 ||     8
 Cast: Spider Form       |     2 |    11 |    16 ||    29
       Beastly Appendage |       |     4 |     3 ||     7
       Ice Form          |       |       |    13 ||    13
  Use: Scroll            |       |     5 |     7 ||    12
       Potion            |       |       |     1 ||     1
 Stab: Sleeping          |     1 |     1 |       ||     2
Armor: Skin              |    26 |    27 |    86 ||   139
Dodge: Dodged            |    65 |    98 |   214 ||   377
